 Dungeon Crawl Stone Soup version 0.31-a0-636-ge1c0e020e0 (webtiles) character file.

Game seed: 8259110866103189983

23 demibob the Poker (level 2, 0/22 HPs)
             Began as a Demonspawn Gladiator on Aug 27, 2023.
             Slain by Sigmund
             ... wielding a +0 scythe
              (8 damage)
             ... on level 2 of the Dungeon.
             The game lasted 00:01:04 (858 turns).

demibob the Poker (Demonspawn Gladiator)             Turns: 858, Time: 00:01:05

Health: 0/22       AC:  4    Str: 14    XL:     2   Next: 72%
Magic:  2/2        EV: 12    Int:  9    God:
Gold:   47         SH:  4    Dex: 14    Spells: 1/1 levels left

rFire   . . .        a - +1 trident
rCold   . . .        (no shield)
rNeg    . . .        b - +0 leather armour
rPois   .            c - +0 helmet
rElec   .            (no cloak)
rCorr   .            (no gloves)
SInv    .            (no boots)
Will    .....        (no amulet)
Stlth   +            (no ring)
HPRegen 0.23/turn    (no ring)
MPRegen 0.08/turn

%: no passive effects
@: no status effects
A: condensation shield
a: no special abilities


You were on level 2 of the Dungeon.
You visited 1 branch of the dungeon, and saw 2 of its levels.

You collected 47 gold pieces.


Innate Abilities, Weirdness & Mutations

A meltable shield of frost defends you. (SH +4)


   Skills:
 - Level 2.0 Fighting
 + Level 3.7 Polearms
 - Level 1.7 Throwing
 - Level 2.6 Dodging


You had one spell level left.
You didn't know any spells.
Your spell library was empty.

Inventory:

Hand Weapons
 a - a +1 trident (weapon)
Missiles
 d - a throwing net (quivered) {=f}
 e - a javelin
Armour
 b - a +0 leather armour (worn)
 c - a +0 helmet (worn)
Jewellery
 L - a ring of flight
Potions
 g - a potion of brilliance

Dungeon Overview and Level Annotations

Branches:
Dungeon (2/15)

Altars:
Cheibriados

Annotations:
D:2 Sigmund

.......
..⚑..# #.
....# ##...
...##...#
####.#...#
####..$...#
#.......<##
#....##.##
#..@@##...
#.(..##..##
#....##..#
......##$.#
#.##.####..#
#. .. #. #
..# .##


You could see Sigmund.


Message History

Press: ? - help, Q - select action, (/) - cycle Shift-Dir - straight line, f/p - Sigmund
Aim: Sigmund, wielding a +0 scythe and wearing a +0 robe (heavily wounded, 52% to hit)
You throw a throwing net {=f}. The throwing net {=f} hits Sigmund.
Sigmund is caught in the net!
Sigmund is heavily wounded.
Sigmund struggles against the net.
You reach to attack!
You hit Sigmund.
Sigmund is severely wounded.
Sigmund points at you and mumbles some strange words.
You are confused.
Sigmund struggles against the net.
Okay, then.
Sigmund struggles against the net.
You hit Sigmund.
Sigmund is almost dead.
Sigmund struggles against the net. x2
Sigmund struggles against the net.
The net rips apart, and Sigmund comes free!
You bump into the rock wall.
Sigmund hits you but does no damage.
You bump into the rock wall.
You feel less confused.
You hit Sigmund.
Sigmund is almost dead.
Sigmund hits you with a +0 scythe!
* * * LOW HITPOINT WARNING * * *
You hit Sigmund.
Sigmund is almost dead.
Sigmund hits you with a +0 scythe!
You die...
Sigmund begins carving another notch in his scythe.

Skill      XL: |  1 |
---------------+----+-----
Polearms       | 3 |  3.7
Fighting       | |  2.0
Throwing       | |  1.7
Dodging        | |  2.6

Action                     || total
---------------------------++-------
  Melee: Trident           ||    62
         Punch             ||     1
  Throw: Throwing net      ||     2
    Use: Scroll            ||     4
   Stab: Sleeping          ||     3
 Armour: Leather armour    ||     4
  Dodge: Dodged            ||    19
  Block: Other             ||     4

Levels and vault maps discovered:
D:1:      psy_arrival_spokes, layout_basic, minmay_small_reverse_x
D:2:      layout_rooms, basic_altar, minmay_goblin_outpost, uniq_sigmund

Notes
Turn   | Place    | Note
-------+----------+-------------------------------------------
     0 | D:1      | demibob the Demonspawn Gladiator began the quest for the
                  | Orb.
     0 | D:1      | Reached XP level 1. HP: 16/16 MP: 1/1
   113 | D:1      | Reached skill level 3 in Polearms
   120 | D:1      | Gained mutation: A meltable shield of frost defends you.
                  | (SH +4) [demonic ancestry]
   120 | D:1      | Reached XP level 2. HP: 22/22 MP: 2/2
   837 | D:2      | Found a snail-covered altar of Cheibriados.
   841 | D:2      | Noticed Sigmund
   858 | D:2      | Slain by Sigmund

Vanquished Creatures
  A dart slug (D:1)
  2 endoplasms (D:1)
  2 giant cockroaches (D:1)
  A hobgoblin (D:1)
  3 kobolds (D:1)
  A quokka (D:1)
  2 ball pythons (D:1)
  2 frilled lizards (D:1)
  3 goblins (D:1)
  2 rats
19 creatures vanquished.

Table legend: (Time is in decaauts)
 A = Elapsed time spent in this place.
 B = Non-inter-level travel time spent in this place.
 C = Inter-level travel time spent in this place.
 D = Time resting spent in this place.
 E = Time spent auto-exploring this place.
 F = Levels seen in this place.
 G = Mean time per level.
                   A        B        C        D        E       F      G
               +--------+--------+--------+--------+--------+-----+--------+
         Total |    865 |    826 |     39 |      0 |    693 |   2 |  432.5 |
       Dungeon |    865 |    826 |     39 |      0 |    693 |   2 |  432.5 |
               +--------+--------+--------+--------+--------+-----+--------+

Top non-repeatable levels by time:
     D:1: 843 daAuts
     D:2: 22 daAuts

Table legend:
 A = Non-vault XP
 B = Vault XP
 C = Vault XP percentage of total XP
 D = Non-vault monster count
 E = Vault monster count
 F = Vault count percentage of total count
                 A         B        C        D         E       F
            +---------+---------+-------+---------+---------+-------
      Total |      27 |       6 |  18.2 |      15 |       4 |  21.1
            +---------+---------+-------+---------+---------+-------
        D:1 |      26 |       6 |  18.8 |      14 |       4 |  22.2
        D:2 |       1 |       0 |   0.0 |       1 |       0 |   0.0
            +---------+---------+-------+---------+---------+-------
